 Dungeon Crawl Stone Soup version 0.29.1-13-g9f3cf754e1 (webtiles) character file.

Game seed: 3362767945250471306

42 iamoutofideas the Magician (level 3, -2/19 HPs)
             Began as a Deep Elf Air Elementalist on Jan 30, 2023.
             Slain by Sigmund
             ... wielding a +0 scythe
              (4 damage)
             ... on level 2 of the Dungeon.
             The game lasted 00:02:16 (2040 turns).

iamoutofideas the Magician (DEAE)                   Turns: 2040, Time: 00:02:17

Health: -2/19      AC:  3    Str:  5    XL:     3   Next: 35%
Magic:  6/10       EV: 12    Int: 21    God:
Gold:   58         SH:  0    Dex: 15    Spells: 2/10 levels left

rFire   . . .      SeeInvis .   d - +0 short sword
rCold   . . .      Faith    .   (no shield)
rNeg    . . .      Spirit   .   a - +0 robe
rPois   +          Reflect  .   (no helmet)
rElec   .          Harm     .   (no cloak)
rCorr   .          Rampage  .   (no gloves)
Will    .....      Rnd*Tele +   (no boots)
Stlth   ++........              (no amulet)
HPRegen 0.06/turn               j - ring of poison resistance
MPRegen 0.12/turn               (no ring)

@: attractive
A: shaggy fur 1, teleportitis 1
a: no special abilities


You were on level 2 of the Dungeon.
You visited 1 branch of the dungeon, and saw 2 of its levels.

You collected 58 gold pieces.

Inventory:

Hand Weapons
 d - a +0 short sword (weapon)
Armour
 a - a +0 robe (worn)
Jewellery
 j - a ring of poison resistance (left hand)
Scrolls
 e - a scroll of vulnerability {unknown}
 g - a scroll of identify {unknown}
 h - a scroll of teleportation {unknown}
 i - a scroll of amnesia {unknown}
Potions
 b - 2 potions of magic


   Skills:
 + Level 2.5 Dodging
 + Level 2.4 Stealth
 + Level 4.1 Spellcasting
 + Level 1.3 Conjurations
 + Level 3.6 Air Magic


You had 2 spell levels left.
You knew the following spells:

 Your Spells              Type           Power      Damage    Failure   Level
a - Shock                 Conj/Air       56%        1d6       4%          1
b - Static Discharge      Conj/Air       14%        3-5/arc   6%          2
c - Blink                 Tloc           8%         N/A       19%         2
d - Swiftness             Air            19%        N/A       8%          3

Your spell library contained the following spells:

 Spells                   Type           Power      Damage    Failure   Level
 Airstrike                Air            9%         2d(2-18)  26%         4
 Lesser Beckoning         Tloc           4%         N/A       34%         3
 Manifold Assault         Tloc           4%         N/A       97%         5


Dungeon Overview and Level Annotations

Branches:
Dungeon (2/15)

Altars:

Annotations:
D:1 exclusion: 2 downstairs
D:2 Sigmund


Innate Abilities, Weirdness & Mutations

You are covered in fur. (AC +1)
You are occasionally teleported next to monsters.


Message History

You feel weirdly uncertain. Fur sprouts all over your body.
Sigmund casts a spell at you. The puff of flame hits you!
The ball python misses you. x2
It was a potion of attraction.
You feel attractive to monsters. The ball python bites you.
The ball python grabs you. The ball python constricts you.
Sigmund casts a spell at you. The puff of flame hits you!
* * * LOW HITPOINT WARNING * * *
Sigmund is attracted toward you.
Unknown command.
It was a potion of curing.
You feel better. The ball python barely misses you.
The ball python constricts you. Sigmund barely misses you.
The ball python bites you. The ball python constricts you.
Okay, then.
Casting: Shock (safe; 4% risk of failure)
Confirm with . or Enter, or press ? or * to list all spells.
Aiming: Shock (safe; 4% risk of failure)
Press: ? - help, Shift-Dir - straight line
Okay, then.
Casting: Shock (safe; 4% risk of failure)
Confirm with . or Enter, or press ? or * to list all spells.
Sigmund is struck by an arc of lightning.
Sigmund is moderately wounded.
You are struck by an arc of lightning.
* * * LOW HITPOINT WARNING * * *
Sigmund is struck by an arc of lightning.
Sigmund is moderately wounded.
The lightning grounds out.
The ball python is struck by an arc of lightning.
You kill the ball python!
You are struck by an arc of lightning.
* * * LOW HITPOINT WARNING * * *
Sigmund is struck by an arc of lightning.
Sigmund is heavily wounded.
You are struck by an arc of lightning.
* * * LOW HITPOINT WARNING * * *
The lightning grounds out.
Sigmund hits you with a +0 scythe.
You die...

# .#.##.## ....w...#
########### #. #.##..#
#.........### #..#.##..#
#.##.#......#
.........###.##.#.##.#.##
#...#........#.##.#.##
#.#...#.###.#..#.##.....
......@.##..........#.##
###...#@##.##..#.##.#.#
#...#†.......#.....†##
#.. ##.#.##..####.##..
.... ......#..###...#..
.... ...... #...........
.... .......#..###.#.#..
.# .####..# ##..#.. ..
..... ##.### ####.## #.#


You could see Sigmund.

Vanquished Creatures
  A worm (D:2)
  A ball python (D:2)
  4 endoplasms
  4 goblins (D:1)
  7 hobgoblins (D:1)
  2 jackals (D:1)
  5 kobolds (D:1)
  3 quokkas (D:1)
  4 bats (D:1)
  A rat (D:1)
32 creatures vanquished.

Notes
Turn   | Place    | Note
-------+----------+-------------------------------------------
     0 | D:1      | iamoutofideas the Deep Elf Air Elementalist began the quest
                  | for the Orb.
     0 | D:1      | Reached XP level 1. HP: 10/10 MP: 6/6
   391 | D:1      | Reached XP level 2. HP: 15/15 MP: 4/8
   907 | D:1      | Learned a level 2 spell: Static Discharge
  1060 | D:1      | Reached XP level 3. HP: 17/19 MP: 8/10
  1160 | D:1      | Learned a level 2 spell: Blink
  1164 | D:1      | Learned a level 3 spell: Swiftness
  1505 | D:2      | Noticed Sigmund
  1516 | D:1      | Reached skill level 4 in Spellcasting
  2037 | D:2      | Gained mutation: You are occasionally teleported next to
                  | monsters. [potion of mutation]
  2037 | D:2      | Gained mutation: You are covered in fur. (AC +1) [potion of
                  | mutation]
  2040 | D:2      | Slain by Sigmund

Illustrated notes

Levels and vault maps discovered:
D:1:      mrwooster_arrival_arrow, layout_loops_corners, minmay_pentomino_o2
D:2:      layout_loops_cross, uniq_sigmund

Skill      XL: |  1  2  3 |
---------------+----------+-----
Spellcasting   | 4 |  4.1
Dodging        | |  2.5
Stealth        | |  2.4
Conjurations   | |  1.3
Air Magic      | |  3.6

Action                   || total
-------------------------++-------
Melee: Short sword       ||     2
 Cast: Shock             ||    66
       Static Discharge  ||     2
  Use: Potion            ||     3
Armor: Robe              ||     5
Dodge: Dodged            ||    12
